 Dungeon Crawl Stone Soup version 0.24.0-125-gc4c63601f3 (webtiles) character file.

Game seed: 7576723154630928402, levelgen mode: deterministic

1091 LraC the Grave Robber (level 8, -5/53 HPs)
             Began as a Demonspawn Necromancer on Mar 3, 2020.
             Was a Follower of Yredelemnul.
             Killed from afar by Pikel (47 damage)
             ... with an exploding inner flame
             ... hexed by the player character
             ... on level 6 of the Dungeon.
             The game lasted 01:34:00 (5618 turns).

LraC the Grave Robber (Demonspawn Necromancer)      Turns: 5618, Time: 01:34:03

Health: -5/53      AC:  7    Str:  7 (8)  XL:     8   Next: 9%
Magic:  4/17       EV: 12    Int: 19 (20) God:    Yredelemnul [*.....]
Gold:   226        SH:  0    Dex: 15      Spells: 7/19 levels left

rFire    . . .     SeeInvis .   d - +2 dagger
rCold    + . .     Gourm    +   (no shield)
rNeg     . . .     Faith    .   u - +1 leather armour
rPois    .         Spirit   .   (helmet restricted)
rElec    .         Reflect  .   j - scarf {cloud immunity}
rCorr    .         Harm     .   b - +0 pair of gloves
MR       +....                  T - +1 pair of boots
Stlth    ++........             t - amulet of the gourmand
HPRegen  0.17/turn              o - +5 ring of slaying
MPRegen  0.15/turn              (no ring)

@: no status effects
A: antennae 1, agile 1, cold resistance 1, demonic guardian 1, deterioration 1,
magic resistance 1, sense surroundings 1, spiny 2, no potion heal 1
a: Animate Remains, Renounce Religion


You were on level 6 of the Dungeon.
You worshipped Yredelemnul.
Yredelemnul was aware of your devotion.
You were not hungry.

You visited 2 branches of the dungeon, and saw 7 of its levels.

You collected 226 gold pieces.

Inventory:

Hand Weapons
 d - a +2 dagger (weapon)
Missiles
 g - 79 bolts
 m - 109 arrows
 q - 93 stones (quivered)
 B - 8 boomerangs
Armour
 b - a +0 pair of gloves (worn)
 j - a scarf of cloud immunity (worn)
 u - a +1 leather armour (worn)
 T - a +1 pair of boots (worn)
Jewellery
 o - a +5 ring of slaying (left hand)
 t - an amulet of the gourmand (around neck)
 O - an uncursed ring of attention
Scrolls
 A - 2 scrolls of teleportation
 K - a scroll of immolation
 R - 2 scrolls of magic mapping
Potions
 e - 2 potions of flight
 n - a potion of lignification
 s - a potion of might
 v - a potion of invisibility
 x - 2 potions of haste
Comestibles
 c - 11 rations


   Skills:
 + Level 0.5 Fighting
 + Level 0.9 Short Blades
 + Level 1.9 Armour
 + Level 2.3 Dodging
 + Level 2.3 Stealth
 + Level 0.2 Unarmed Combat
 + Level 6.1 Spellcasting
 + Level 0.1 Charms
 + Level 7.7 Necromancy


You had 7 spell levels left.
You knew the following spells:

 Your Spells              Type           Power        Failure   Level  Hunger
a - Pain                  Necr           ####         1%          1    None
b - Animate Skeleton      Necr           N/A          1%          1    None
c - Regeneration          Chrm/Necr      ###.......   10%         3    ##.....
d - Vampiric Draining     Necr           #####.....   1%          3    ##.....
e - Animate Dead          Necr           N/A          7%          4    ####...

Your spell library contained the following spells:

 Spells                   Type           Power        Failure   Level  Hunger


Dungeon Overview and Level Annotations

Branches:
Dungeon (6/15)             Temple (1/1) D:4

Altars:
Cheibriados
Dithmenos
Elyvilon
Fedhas
Gozag
Hepliaklqana
Makhleb
Nemelex Xobeh
Okawaru
Qazlal
Ru
Trog
Vehumet
Wu Jian
Yredelemnul
The Shining One


Innate Abilities, Weirdness & Mutations

You have a pair of small antennae on your head.
A weak demonic guardian rushes to your aid.
You are mostly covered in sharp spines.
You are agile. (Dex +2)
Your flesh is cold resistant. (rC+)
Your body sometimes deteriorates upon taking damage.
You are resistant to hostile enchantments. (MR+)
You passively map a small area around you.
Potions are less effective at restoring your health.


Message History

Your quasit claws Pikel but does no damage.
Your ufetubus hits Pikel.
Your ufetubus closely misses Pikel.
Your quasit bites Pikel.
Your quasit claws Pikel but does no damage.
Your quasit misses Pikel.
Pikel says, "I'm sure the Orcish Mines are around here somewhere..."
Pikel hits your quasit with a +1 whip of freezing.
You hit Pikel.
Pikel is almost dead.
Your ufetubus misses Pikel.
Your ufetubus barely misses Pikel.
Your quasit barely misses Pikel.
Your quasit claws Pikel.
Your quasit barely misses Pikel.
Pikel says, "Who am I kidding?
They'll work you to death!" Pikel is struck by your spines.
Pikel explodes!
Your demonic guardian avoids your attack.
The fiery explosion engulfs you!!!
Ouch! That really hurt!
You die...
Your body rises from the dead as a mindless zombie.

* * * , ,, ,
, , , , * ,
, ..#* * , ,
..... ,, * ,
#.#.###### *
*#.#.#55..#,
* ,
#.#.#§##.#,
, ,
#.#.#@§#{# ,
, , ,
,*#.#.####K#
,,
#....K...#{
,
#...######.
* * ,
*#........).
*
#..#######.
*, , ,.....#
* * #####.#
* , ... ,, ,
, * *


You could see a friendly quasit and a friendly ufetubus.

Vanquished Creatures
  Menkaure (D:4)
  4 slaves (D:6)
  A sky beast (D:4)
  2 ogres (D:5)
  A centaur (D:5)
  A scorpion (D:4)
  A crimson imp (D:4)
  2 bullfrog zombies (D:5)
  A hound (D:3)
  A gnoll shaman (D:4)
  2 orc wizards
  An iguana (D:5)
  2 worker ants
  9 adders
  7 gnolls
  A shadow imp (D:5)
  2 oozes (D:1)
  An adder skeleton (D:4)
  A worm (D:2)
  A dart slug (D:2)
  3 leopard geckos
  15 orcs
  4 ball pythons
  6 bats
  8 giant cockroaches
  7 goblins
  9 hobgoblins
  3 jackals (D:4)
  3 quokkas
  3 frilled lizards
  7 kobolds
  A quokka skeleton (D:5)
  5 rats
  2 fungi (D:4)
118 creatures vanquished.

Vanquished Creatures (collateral kills)
  A centaur zombie (D:5)
  4 gnolls (D:5)
  3 adders
  An ooze (D:2)
  A dart slug (D:2)
  A leopard gecko (D:1)
  An orc (D:4)
  A bat (D:3)
  A frilled lizard (D:2)
  3 goblins
  A kobold (D:3)
  2 rats (D:2)
  4 fungi (D:4)
  A plant (D:4)
25 creatures vanquished.

Grand Total: 143 creatures vanquished

Notes
Turn   | Place    | Note
-------+----------+-------------------------------------------
     0 | D:1      | LraC the Demonspawn Necromancer began the quest for the
                  | Orb.
     0 | D:1      | Reached XP level 1. HP: 13/13 MP: 3/3
     6 | D:1      | Learned a level 1 spell: Animate Skeleton
    11 | D:1      | Gained mutation: Your magical capacity is low. (-10% MP)
                  | [potion of mutation]
    11 | D:1      | Gained mutation: You passively map a small area around you.
                  | [potion of mutation]
   395 | D:1      | Gained mutation: A weak demonic guardian rushes to your
                  | aid. [demonic ancestry]
   395 | D:1      | Reached XP level 2. HP: 17/19 MP: 0/4
   569 | D:1      | Reached skill level 5 in Necromancy
   838 | D:1      | Gained mutation: You have a pair of small antennae on your
                  | head. [demonic ancestry]
   838 | D:1      | Reached XP level 3. HP: 19/24 MP: 2/5
   938 | D:1      | Learned a level 3 spell: Regeneration
  1395 | D:2      | Gained mutation: You are partially covered in sharp spines.
                  | [demonic ancestry]
  1395 | D:2      | Reached XP level 4. HP: 16/30 MP: 5/7
  1432 | D:2      | Learned a level 3 spell: Vampiric Draining
  1548 | D:2      | Lost mutation: Your magical capacity is low. (-10% MP)
                  | [potion of mutation]
  1548 | D:2      | Gained mutation: Your flesh is cold resistant. (rC+)
                  | [potion of mutation]
  1548 | D:2      | Gained mutation: You are partially covered in thin metallic
                  | scales. (AC +2) [potion of mutation]
  1548 | D:2      | Gained mutation: You are agile. (Dex +2) [potion of
                  | mutation]
  1548 | D:2      | Gained mutation: You expend magic power (3 MP) to
                  | strengthen your wands. [potion of mutation]
  2136 | D:3      | Reached XP level 5. HP: 34/35 MP: 7/10
  2243 | D:3      | Found a shadowy altar of Dithmenos.
  2469 | D:3      | Found an iron altar of Okawaru.
  3032 | D:4      | Reached skill level 6 in Necromancy
  3035 | D:4      | Reached XP level 6. HP: 34/41 MP: 5/12
  3118 | D:4      | Found a staircase to the Ecumenical Temple.
  3126 | Temple   | Entered the Ecumenical Temple
  3179 | Temple   | Became a worshipper of Yredelemnul the Dark
  3232 | D:4      | Noticed a sky beast
  3238 | D:4      | Killed a sky beast
  3238 | D:4      | Reached skill level 1 in Armour
  3307 | D:4      | Noticed Menkaure
  3314 | D:4      | Killed Menkaure
  3314 | D:4      | Reached skill level 5 in Spellcasting
  3314 | D:4      | Gained mutation: You are mostly covered in sharp spines.
                  | [demonic ancestry]
  3314 | D:4      | Reached XP level 7. HP: 31/46 MP: 11/14
  3320 | D:4      | Learned a level 4 spell: Animate Dead
  3536 | D:4      | Found an iron altar of Okawaru.
  3558 | D:4      | Found a blossoming altar of Fedhas.
  3804 | D:4      | Reached skill level 7 in Necromancy
  4179 | D:4      | Reached * piety under Yredelemnul
  4227 | D:5      | Entered Level 5 of the Dungeon
  4743 | D:5      | Lost mutation: You are partially covered in thin metallic
                  | scales. (AC +2) [potion of mutation]
  4743 | D:5      | Lost mutation: You expend magic power (3 MP) to strengthen
                  | your wands. [potion of mutation]
  4743 | D:5      | Gained mutation: Potions are less effective at restoring
                  | your health. [potion of mutation]
  4743 | D:5      | Gained mutation: Your body sometimes deteriorates upon
                  | taking damage. [potion of mutation]
  4743 | D:5      | Gained mutation: You are resistant to hostile enchantments.
                  | (MR+) [potion of mutation]
  4800 | D:5      | Reached XP level 8. HP: 15/53 MP: 0/16
  5480 | D:6      | Noticed Pikel
  5618 | D:6      | Killed Pikel
  5618 | D:6      | Killed from afar by Pikel

Levels and vault maps discovered:
D:1:      roderic_octagonal_star, layout_basic
D:2:      layout_basic, minmay_pentomino_pile
D:3:      layout_basic, lemuel_round_altar, kennysheep_okawaru_gauntlet
D:4:      layout_basic, nicolae_overflow_hidden_temple, fedhas_altar_3,
          minmay_temple_entry_trees, first_ration, uniq_menkaure
D:5:      layout_loops_corners, serial_bayou_pond_a, kennysheep_generic_room_8
D:6:      layout_basic, uniq_crazy_yiuf_cottage, uniq_pikel, uniq_duvessa,
          uniq_edmund
Temple:   cyrus_circular_temple

Skill      XL: |  1  2  3  4  5  6  7  8 |
---------------+-------------------------+-----
Necromancy     | 5 6 7 |  7.7
Stealth        | 2 |  2.3
Spellcasting   | 3 4 5 6 |  6.1
Armour         | 1 |  1.9
Dodging        | 2 |  2.3
Fighting       | |  0.5
Short Blades   | |  0.9
Unarmed Combat | |  0.2
Charms         | |  0.1

Action                   |  1- 3 |  4- 6 |  7- 9 || total
-------------------------+-------+-------+-------++-------
Melee: Unarmed           |    10 |       |       ||    10
       Dagger            |    17 |    24 |   109 ||   150
Throw: Stone             |       |       |     1 ||     1
 Cast: Pain              |    40 |    89 |    88 ||   217
       Animate Skeleton  |     7 |    25 |       ||    32
       Regeneration      |       |     3 |     5 ||     8
       Vampiric Draining |       |     1 |     1 ||     2
       Animate Dead      |       |       |    10 ||    10
  Use: Potion            |     5 |     3 |     6 ||    14
       Scroll            |     4 |     8 |     6 ||    18
 Stab: Distracted        |       |     2 |       ||     2
  Eat: Chunk             |     1 |    13 |       ||    14
       Ration            |     1 |       |     1 ||     2
Armor: Robe              |     7 |     5 |       ||    12
       Leather armour    |       |    18 |    25 ||    43
Dodge: Dodged            |    23 |    43 |    41 ||   107
